 Dungeon Crawl Stone Soup version 0.30.1-3-gfc49f6343a (webtiles) character file.

Game seed: 2743840327171374624

12945 TheDoctor the Tainter (level 11, -5/56 HPs)
             Began as a Spriggan Venom Mage on July 20, 2023.
             Was an Elder of Sif Muna.
             Slain by Frances
             ... wielding a +3 dire flail
              (14 damage)
             ... while petrified by a basilisk
             ... on level 12 of the Dungeon on July 22, 2023.
             The game lasted 00:43:02 (16367 turns).

TheDoctor the Tainter (Spriggan Venom Mage)        Turns: 16367, Time: 00:43:03

Health: -5/56      AC:  8    Str:  4    XL:     11   Next: 69%
Magic:  23/24      EV:  4    Int: 20    God:    Sif Muna [****..]
Gold:   418        SH:  0    Dex: 17    Spells: 5/27 levels left

rFire   . . .        B - +2 whip (elec)
rCold   + . .        (no shield)
rNeg    + + +        I - +0 steam dragon scales
rPois   ∞            (helmet restricted)
rElec   .            M - +2 cloak
rCorr   .            (gloves unavailable)
SInv    +            (boots unavailable)
Will    +....        o - amulet of faith
Stlth   ++           C - +5 ring of evasion
HPRegen 0.29/turn    z - ring of protection from cold
MPRegen 0.19/turn

%: faith
@: petrified, very quick
A: very small, no large weapons, unfitting armour, see invisible, speed 3
a: Renounce Religion, Channel Magic, Forget Spell, Divine Exegesis


You were on level 12 of the Dungeon.
You worshipped Sif Muna.
Sif Muna was greatly pleased with you.
You visited 3 branches of the dungeon, and saw 14 of its levels.

You collected 858 gold pieces.
You spent 440 gold pieces at shops.

Inventory:

Hand Weapons
 A - a +1 whip of freezing
 B - a +2 whip of electrocution (weapon)
 L - a +0 spear of venom
Missiles
 e - 26 poisoned darts
 r - 11 boomerangs (quivered)
 u - 2 throwing nets
Armour
 I - +0 steam dragon scales (worn)
 M - a +2 cloak (worn)
Magical Staves
 q - a staff of death
Jewellery
 o - an amulet of faith (around neck)
 x - an amulet of the acrobat
 z - a ring of protection from cold (right hand)
 C - a +5 ring of evasion (left hand)
 O - a ring of fire
 P - a ring of protection from fire
Wands
 v - a wand of flame (7)
 y - a wand of iceblast (13)
 G - a wand of paralysis (20)
 J - a wand of acid (4)
Scrolls
 d - 3 scrolls of poison
 f - a scroll of immolation {unknown}
 h - 4 scrolls of fear {unknown}
 j - 6 scrolls of vulnerability
 k - 2 scrolls of acquirement {unknown}
 n - a scroll of magic mapping {unknown}
 p - 3 scrolls of enchant armour {unknown}
 w - a scroll of teleportation
 F - a scroll of summoning {unknown}
Potions
 a - 2 potions of flight {unknown}
 b - 4 potions of magic
 c - 3 potions of haste
 g - a potion of degeneration {unknown}
 i - 4 potions of berserk rage
 l - 7 potions of mutation
 m - 3 potions of heal wounds
 s - 2 potions of lignification {unknown}
 t - 3 potions of curing
 D - 2 potions of ambrosia {unknown}
 E - 3 potions of cancellation {unknown}
 H - 3 potions of attraction
 K - a potion of might {unknown}
 N - a potion of brilliance {unknown}


   Skills:
 - Level 6.1 Fighting
 - Level 9.0 Dodging
 - Level 3.0 Stealth
 - Level 8.6 Spellcasting
 * Level 7.7 Conjurations
 - Level 1.3 Transmutations
 + Level 3.8 Fire Magic
 - Level 10.1 Poison Magic


You had 5 spell levels left.
You knew the following spells:

 Your Spells              Type           Power      Damage    Failure   Level
a - Sting                 Tmut/Pois      100%       1d8       1%          1
b - Poisonous Vapours     Pois/Air       56%        N/A       1%          2
c - Mephitic Cloud        Conj/Pois/Air  32%        N/A       1%          3
d - Olgreb's Toxic Radia  Pois           49%        N/A       1%          4
e - Orb of Destruction    Conj           19%        9d8       96%         7
f - Fireball              Conj/Fire      15%        3d8       21%         5

Your spell library contained the following spells:

 Spells                   Type           Power      Damage    Failure   Level
 Foxfire                  Conj/Fire      100%       2x1d9     1%          1
 Magic Dart               Conj           100%       1d8       1%          1
 Call Imp                 Summ           16%        N/A       12%         2
 Lesser Beckoning         Tloc           16%        N/A       12%         2
 Gell's Gravitas          Tloc           8%         N/A       24%         3
 Summon Guardian Golem    Hex/Summ       8%         N/A       24%         3
 Teleport Other           Tloc           8%         N/A       24%         3
 Starburst                Conj/Fire      15%        6d6       75%         6
 Plasma Beam              Fire/Air       8%         2x1d20    99%         6
 Spellforged Servitor     Conj/Summ      12%        N/A       100%        7


Dungeon Overview and Level Annotations

Branches:
Dungeon (12/15)            Temple (1/1) D:4            Lair (0/5) D:8
    Orc (1/2) D:9

Altars:
Ashenzari
Cheibriados
Dithmenos
Elyvilon
Fedhas
Gozag
Hepliaklqana
Kikubaaqudgha
Makhleb
Nemelex Xobeh
Okawaru
Qazlal
Ru
Sif Muna
Trog
Uskayaw
Vehumet
Wu Jian
Xom
Yredelemnul
Zin
The Shining One

Shops:
D:1 [   D:7 (   D:9 :[

Annotations:
D:3 Grinder
D:4 exclusion: downstairs
D:7 Menkaure
D:10 exclusion: acid dragon
D:12 Frances, Jorgrun


Innate Abilities, Weirdness & Mutations

You are very small and have problems with some larger weapons.
You are too small for most types of armour.
You have supernaturally acute eyesight. (SInv)
You cover ground extremely quickly. (Speed+++)


Message History

You are slowing down.
Unknown command.
Unknown command.
Unknown command.
Unknown command.
Unknown command.
Okay, then.
Unknown command.
Unknown command.
Casting: Poisonous Vapours (safe; 1% risk of failure)
Confirm with . or Enter, or press ? or * to list all spells.
Okay, then.
Unknown command.
Unknown command.
Unknown command.
As you read the scroll of teleportation, it crumbles to dust.
You feel strangely unstable. The basilisk gazes at you.
You resist with almost no effort.
Your limbs are stiffening.
You have turned to stone.
Your surroundings suddenly seem different.
Frances and a troll come into view.
Found a pair of boots.
Found a stone staircase leading down.
The troll shouts!
The troll closely misses you. The troll claws you. The troll barely misses you.
Frances shouts!
The troll barely misses you. The troll claws you. x2
Frances hits you with a +3 dire flail!! The troll completely misses you.
The troll claws you. The troll claws you!
Frances hits you with a +3 dire flail!!
You hear a grinding noise.
The troll bites you. The troll claws you! The troll claws you.
* * * LOW HITPOINT WARNING * * *
Frances hits you with a +3 dire flail.
* * * LOW HITPOINT WARNING * * *
The troll bites you but does no damage. The troll claws you but does no damage.
The troll claws you!
* * * LOW HITPOINT WARNING * * *
Frances hits you with a +3 dire flail!!
You die...

..###########.....C.
#..##########
.....$.
###............
.......
..............
....... ..........[#
##..T.. #.........#
..... #.........###
.....
###.....@......
......T@.......
...............
########.......
...>... .......
#######


You could see Frances and a troll.

Vanquished Creatures
  A cyclops (D:12)
  Pikel (D:4)
  An ugly thing (D:10)
  Psyche (D:9)
  2 komodo dragons
  3 trolls
  A hornet (D:9)
  2 shadows
  A wraith (D:11)
  2 wyverns (D:10)
  16 yaks
  3 steam dragons
  7 vampire mosquitoes
  3 water moccasins
  Duvessa (D:6)
  5 black bears
  3 ice beasts
  A sky beast (D:6)
  8 orc warriors
  7 ogres
  4 centaurs
  2 lemures (D:4)
  A kobold brigand (D:10)
  8 bullfrogs
  2 gnoll sergeants
  2 scorpions
  5 wights (D:10)
  Dowan (D:6)
  10 killer bees
  3 howler monkeys
  An electric eel (D:9)
  5 hounds
  2 jellies
  9 orc priests
  A gnoll bouda (D:3)
  4 sleepcaps
  An iguana (D:6)
  Ijyb (D:4)
  8 orc wizards
  Robin (D:4)
  15 gnolls
  6 adders
  A shadow imp (D:6)
  A white imp (D:8)
  An ufetubus (D:7)
  A worm (D:1)
  5 dart slugs
  43 orcs
  4 ball pythons
  5 bats
  5 endoplasms
  3 giant cockroaches
  17 goblins
  13 hobgoblins
  6 jackals (D:4)
  4 quokkas
  4 frilled lizards
  11 kobolds
  7 rats
292 creatures vanquished.

Notes
Turn   | Place    | Note
-------+----------+-------------------------------------------
     0 | D:1      | TheDoctor the Spriggan Venom Mage began the quest for the
                  | Orb.
     0 | D:1      | Reached XP level 1. HP: 9/9 MP: 5/5
   351 | D:1      | Reached XP level 2. HP: 13/13 MP: 5/7
   382 | D:1      | Learned a level 2 spell: Poisonous Vapours
  1066 | D:1      | Found Vuic's Antique Armour Boutique.
  1180 | D:2      | Reached XP level 3. HP: 11/16 MP: 5/9
  1184 | D:2      | Learned a level 3 spell: Mephitic Cloud
  1622 | D:2      | Reached skill level 4 in Poison Magic
  1706 | D:2      | Reached XP level 4. HP: 21/21 MP: 1/11
  1957 | D:2      | Learned a level 4 spell: Olgreb's Toxic Radiance
  2267 | D:3      | Found a faded altar of an unknown god.
  2448 | D:3      | Found a radiant altar of Vehumet.
  2693 | D:3      | Noticed Grinder
  2810 | D:4      | Identified the +0 helmet "Zuecoir" {Regen+ Str+2 Int+5
                  | Stlth-}
  2810 | D:4      | Noticed Robin
  3024 | D:4      | Noticed Ijyb
  3032 | D:4      | Reached XP level 5. HP: 24/24 MP: 7/13
  3089 | D:3      | Reached skill level 5 in Spellcasting
  3354 | D:4      | Killed Ijyb
  3454 | D:4      | Found a sparkling altar of Nemelex Xobeh.
  3485 | D:4      | Noticed a lemure
  3519 | D:4      | Noticed a lemure
  3522 | D:4      | Noticed Pikel
  3522 | D:4      | Noticed a lemure
  3574 | D:4      | Killed a lemure
  3637 | D:4      | Reached skill level 5 in Poison Magic
  3845 | D:4      | Found a staircase to the Ecumenical Temple.
  3854 | Temple   | Entered the Ecumenical Temple
  4119 | D:4      | Reached XP level 6. HP: 28/28 MP: 12/15
  4298 | D:4      | Killed Robin
  4797 | D:4      | Killed Pikel
  4798 | D:4      | Reached skill level 6 in Poison Magic
  4798 | D:4      | Reached XP level 7. HP: 32/32 MP: 9/18
  4929 | D:5      | Entered Level 5 of the Dungeon
  5411 | D:5      | Reached skill level 7 in Poison Magic
  5620 | D:5      | Found a shadowy altar of Dithmenos.
  5648 | D:5      | Reached XP level 8. HP: 36/36 MP: 14/21
  6547 | D:6      | Reached skill level 8 in Poison Magic
  6637 | D:6      | Reached skill level 5 in Dodging
  7214 | D:6      | Noticed Duvessa
  7214 | D:6      | Noticed Dowan
  7231 | D:6      | Killed Dowan
  7232 | D:6      | Reached XP level 9. HP: 32/39 MP: 9/22
  7264 | D:6      | Killed Duvessa
  7265 | D:6      | Reached skill level 9 in Poison Magic
  7606 | D:6      | Found a burning altar of Makhleb.
  8192 | D:7      | Noticed Menkaure
  8861 | D:7      | Found Pahealif's Weapon Shoppe.
  8916 | D:7      | Found a shimmering altar of Xom.
  8949 | D:7      | Reached skill level 10 in Poison Magic
  9033 | D:7      | Found a basalt altar of Yredelemnul.
  9374 | D:8      | Reached skill level 1 in Fighting
  9477 | D:8      | Found a shimmering blue altar of Sif Muna.
  9480 | D:8      | Became a worshipper of Sif Muna the Loreminder
  9609 | D:8      | Reached skill level 1 in Conjurations
  9916 | D:8      | Reached XP level 10. HP: 48/48 MP: 17/23
 10296 | D:8      | Reached * piety under Sif Muna
 10341 | D:8      | Found a glowing golden altar of the Shining One.
 10375 | D:8      | Found a staircase to the Lair.
 10571 | D:8      | Found a glowing silver altar of Zin.
 10865 | D:9      | Found a staircase to the Orcish Mines.
 11047 | D:9      | Found Verroron's Antique Armour Shoppe.
 11054 | D:9      | Found Ilaip's Book Shoppe.
 11065 | D:9      | Reached ** piety under Sif Muna
 11421 | D:9      | Noticed Psyche
 11433 | D:9      | Killed Psyche
 12367 | D:9      | Reached skill level 5 in Fighting
 12482 | D:10     | Entered Level 10 of the Dungeon
 12618 | D:10     | Reached skill level 5 in Conjurations
 12974 | Orc:1    | Entered Level 1 of the Orcish Mines
 12985 | D:9      | Reached *** piety under Sif Muna
 13426 | D:10     | Found a snail-covered altar of Cheibriados.
 13747 | D:10     | Reached XP level 11. HP: 56/56 MP: 10/24
 14091 | D:10     | Learned a level 7 spell: Orb of Destruction
 14163 | D:9      | Bought a book of Fire for 440 gold pieces
 14169 | D:9      | Learned a level 5 spell: Fireball
 14395 | D:10     | Noticed a skeletal warrior
 14503 | D:10     | Reached skill level 1 in Fire Magic
 14804 | D:11     | Noticed a red ugly thing
 14847 | D:10     | Killed a red ugly thing
 14956 | D:11     | Found a bloodstained altar of Trog.
 15574 | D:11     | Reached **** piety under Sif Muna
 16353 | D:12     | Noticed Jorgrun
 16361 | D:12     | Noticed Frances
 16367 | D:12     | Slain by Frances

Illustrated notes

Levels and vault maps discovered:
D:1:      lightli_arrival_statue_moat, layout_basic, serial_shops,
          nicolae_shop_window_shopping, minmay_pentomino_q2
D:2:      layout_rooms, kennysheep_cross_room
D:3:      layout_basic, vehumet_crystals,
          shapermc_ecumenical_altar_starsandcircs, uniq_grinder, uniq_sigmund
D:4:      layout_loops_cross, kennysheep_mini, minmay_temple_entry_waves,
          hangedman_feature_mirror, uniq_robin, uniq_ijyb, uniq_pikel
D:5:      layout_layer_cave, nicolae_dithmenos_through_a_glass_darkly
D:6:      layout_rooms, bloody_makhleb, nicolae_hexahallways, uniq_duvessa
D:7:      layout_basic, nicolae_overflow_hidden_temple, lemuel_tele_altar,
          serial_shops, shop, minmay_misc_feat_pillars, uniq_menkaure
D:8:      layout_rooms, nicolae_tso_carved_into_rock, mainiacjoe_overflow_swirl,
          due_lair_maze_entry_diamond
D:9:      layout_roguey, hiddenorc2_lemuel, nicolae_wooded_promenade,
          minmay_door_square, uniq_psyche
D:10:     nzn_winding_woodlands_medium [nzn_winding_woodlands_5x5_checkerboard,
          nzn_winding_woodlands_5x15_eye, nzn_winding_woodlands_5x5_default,
          nzn_winding_woodlands_5x5_closed_star,
          nzn_winding_woodlands_center_lodge, nzn_winding_woodlands_5x5_three,
          nzn_winding_woodlands_5x5_default,
          nzn_winding_woodlands_5x15_concentric,
          nzn_winding_woodlands_5x5_default], layout_rooms,
          kennysheep_slug_shrine
D:11:     layout_roguey, serial_co_window_serial, co_window_of_opportunity_a,
          co_window_corner_a, co_window_corner_a, co_window_corner_a,
          co_window_corner_a, co_window_of_opportunity_a, co_window_corner_a,
          co_window_unsneaky_path_c, co_window_corner_b,
          co_window_of_opportunity_b, co_window_2corner, co_window_4corner_a,
          co_window_paths_d, glass_columns_b, glass_columns_b, glass_columns_c,
          glass_columns_b, glass_columns_b, trog_antimagical
D:12:     layout_long_grid, reono_crystal_passage, uniq_jorgrun, uniq_frances
Temple:   hc_temple_tempest_star
Orc:1:    layout_caves, basic_altar

Skill      XL: |  1  2  3  4  5  6  7  8  9 10 11 |
---------------+----------------------------------+-----
Spellcasting   | 3 4 5 7 8 |  8.6
Poison Magic   | 4 5 6 7 8 10 | 10.1
Dodging        | 6 9 |  9.0
Fighting       | 2 6 |  6.1
Conjurations   | 2 5 7 |  7.7
Fire Magic     | 3 |  3.8
Stealth        | |  3.0
Transmutations | |  1.3

Action                     |  1- 3 |  4- 6 |  7- 9 | 10-12 || total
---------------------------+-------+-------+-------+-------++-------
  Melee: Unarmed           |     2 |       |       |       ||     2
         Dagger            |     8 |     2 |       |       ||    10
         Whip              |       |       |    10 |    99 ||   109
  Throw: Boomerang         |       |     1 |     1 |       ||     2
   Cast: Sting             |    86 |   131 |   230 |   294 ||   741
         Poisonous Vapours |     2 |    19 |    40 |    59 ||   120
         Mephitic Cloud    |       |     1 |     8 |     3 ||    12
         Olgreb's Toxic Ra |       |       |     4 |    36 ||    40
  Evoke: Wand              |       |       |     6 |    27 ||    33
    Use: Scroll            |       |       |     7 |     3 ||    10
   Stab: Confused          |       |       |     1 |       ||     1
 Armour: Robe              |     3 |       |     3 |       ||     6
         Steam dragon scal |       |       |     1 |    21 ||    22
  Dodge: Dodged            |    30 |    22 |    68 |   247 ||   367
